 Dungeon Crawl Stone Soup version 0.27-a0-681-g0c81a3c1c3 (webtiles) character file.

Game seed: 3286832861674604844

24 Rennog the Chopper (level 2, 0/26 HPs)
             Began as a Deep Dwarf Gladiator on Mar 20, 2021.
             Slain by an ogre
             ... wielding a +0 giant spiked club
              (6 damage)
             ... on level 5 of the Dungeon.
             The game lasted 00:01:35 (1090 turns).

Rennog the Chopper (Deep Dwarf Gladiator)           Turns: 1090, Time: 00:01:36

Health: 0/26       AC:  4    Str: 17    XL:     2   Next: 79%
Magic:  2/2        EV: 12    Int:  8    God:
Gold:   10         SH:  0    Dex: 14    Spells: 1/1 levels left

rFire    . . .     SeeInvis .   a - +0 war axe
rCold    . . .     Faith    .   (no shield)
rNeg     . . .     Spirit   .   b - +0 leather armour
rPois    .         Reflect  .   c - +0 helmet
rElec    .         Harm     .   (no cloak)
rCorr    .         Rampage  .   (no gloves)
Will     .....                  (no boots)
Stlth    +.........             (no amulet)
HPRegen  0.00/turn              (no ring)
MPRegen  0.08/turn              (no ring)

@: non-regenerating
A: damage resistance, heal wounds, sense surroundings 1, no regeneration
a: Heal Wounds


You were on level 5 of the Dungeon.
You visited 1 branch of the dungeon, and saw 4 of its levels.

You collected 10 gold pieces.

Inventory:

Hand Weapons
 a - a +0 war axe (weapon)
Missiles
 d - 3 throwing nets (quivered)
Armour
 b - a +0 leather armour (worn)
 c - a +0 helmet (worn)
Scrolls
 e - a scroll of vulnerability {unknown}
 f - a scroll of silence {unknown}
 g - a scroll of fog {unknown}
 h - a scroll of identify {unknown}
 i - a scroll of teleportation {unknown}
 k - a scroll of enchant weapon {unknown}
Potions
 j - a potion of resistance {unknown}


   Skills:
 + Level 2.2 Fighting
 * Level 4.1 Axes
 - Level 1.7 Throwing
 - Level 3.2 Dodging


You had one spell level left.
You didn't know any spells.
Your spell library was empty.

Dungeon Overview and Level Annotations

Branches:
Dungeon (5/15)
 Temple: D:4-7

Altars:
Nemelex Xobeh

Annotations:
D:4 Dowan, Duvessa


Innate Abilities, Weirdness & Mutations

You are resistant to damage.
You can heal yourself by infusing magical energy.
You passively map a small area around you.
You do not regenerate.


Message History

Found 19 gold pieces.
Found four items.
An ogre comes into view. It is wielding a +0 giant spiked club.
The ogre shouts!
You hear an angry hiss.
Duvessa says, "Where magic fails, the sword succeeds!"
An iguana comes into view.
The iguana hisses angrily.
You see here 8 gold pieces.
The iguana bites you. The iguana misses you. The iguana misses you.
Found a hunting sling.
Found an escape hatch in the floor.
A goblin comes into view.
Found a purple potion.
The goblin shouts!
You hear a shout! x3
A goblin comes into view. It is wielding a +0 club.
You hear a shout!
There is an escape hatch in the floor here.
The ogre misses you.
You slide downwards.
The hatch slams shut behind you.
Found a leather armour, 15 bolts, a hunting sling and 15 stones.
Found a stone staircase leading down.
You slash the ogre!
The ogre is moderately wounded.
The ogre closely misses you.
You closely miss the ogre.
The ogre is moderately wounded.
The ogre barely misses you. The ogre closely misses you.
You hit the ogre.
The ogre is moderately wounded.
The ogre hits you but does no damage.
You hit the ogre.
The ogre is moderately wounded.
The ogre hits you with a +0 giant spiked club!
* * * LOW HITPOINT WARNING * * *
You barely miss the ogre.
The ogre is moderately wounded.
The ogre hits you with a +0 giant spiked club!
You die...

#..# * *
##.# * *
*####.#
..#.# , , *
#.#.# * , *
####.#.# ,
#......# *
#.###.##.###
, #.....@O.#
, ,
.......####
#######* *


You could see an ogre.

Vanquished Creatures
  A ball python (D:1)
  8 bats
  A giant cockroach (D:1)
  6 goblins
  A hobgoblin (D:1)
  2 kobolds
  A quokka (D:2)
  A frilled lizard (D:1)
  4 rats
25 creatures vanquished.

Notes
Turn   | Place    | Note
-------+----------+-------------------------------------------
     0 | D:1      | Rennog the Deep Dwarf Gladiator began the quest for the
                  | Orb.
     0 | D:1      | Reached XP level 1. HP: 19/19 MP: 1/1
   194 | D:1      | Reached XP level 2. HP: 24/26 MP: 2/2
   327 | D:1      | Found a sparkling altar of Nemelex Xobeh.
   697 | D:1      | Reached skill level 4 in Axes
   994 | D:2      | You fall into a shaft and drop 2 floors!
  1012 | D:4      | Noticed Duvessa
  1012 | D:4      | Noticed Dowan
  1049 | D:4      | Noticed an ogre
  1074 | D:5      | Entered Level 5 of the Dungeon
  1090 | D:5      | Slain by an ogre

Illustrated notes

Levels and vault maps discovered:
D:1:      matt_arrival_spirals, layout_basic, serial_aquarium,
          aquarium_bridge_long_joined [aquarium_subvault_bridge,
          aquarium_subvault_bridge, aquarium_subvault_bridge,
          aquarium_subvault_balcony, aquarium_subvault_wall,
          aquarium_subvault_window], aquarium_window_2, aquarium_window_3,
          aquarium_view_2c, aquarium_balcony_3b, aquarium_pool_2,
          nemelex_diamond_rough_becter
D:2:      layout_basic, uniq_crazy_yiuf_cottage
D:4:      layout_loops_ring, nicolae_kikubaaqudgha_miasma_corner,
          minmay_temple_entry_grid, chequers_serial_rivers_large_b, uniq_robin,
          uniq_duvessa
D:5:      layout_loops_corners, minmay_overflow_temple_star_hex, basic_altar

Skill      XL: |  1  2 |
---------------+-------+-----
Fighting       | 2 |  2.2
Axes           | 4 |  4.1
Throwing       | |  1.7
Dodging        | |  3.2

Action                   || total
-------------------------++-------
Melee: War axe           ||    75
 Abil: Heal Wounds       ||     1
Armor: Leather armour    ||    24
Dodge: Dodged            ||    51

Table legend: (Time is in decaauts)
 A = Elapsed time spent in this place.
 B = Non-inter-level travel time spent in this place.
 C = Inter-level travel time spent in this place.
 D = Time resting spent in this place.
 E = Time spent auto-exploring this place.
 F = Levels seen in this place.
 G = Mean time per level.
                   A        B        C        D        E       F      G
               +--------+--------+--------+--------+--------+-----+--------+
         Total |   1112 |   1067 |     45 |      0 |    835 |   4 |  278.0 |
       Dungeon |   1112 |   1067 |     45 |      0 |    835 |   4 |  278.0 |
               +--------+--------+--------+--------+--------+-----+--------+

Top non-repeatable levels by time:
     D:1: 926 daAuts
     D:2: 90 daAuts
     D:4: 79 daAuts
     D:5: 17 daAuts
